 Dungeon Crawl Stone Soup version 0.28-a0-1389-gc726bef33b (webtiles) character file.

Game seed: 5847856513641209157

65 Deminshera the Ducker (level 4, -3/37 HPs)
             Began as a Merfolk Monk on Jan 3, 2022.
             Killed by divine providence
             ... invoked by an orc priest
              (9 damage)
             ... on level 3 of the Dungeon.
             The game lasted 00:01:42 (1774 turns).

Deminshera the Ducker (Merfolk Monk)                Turns: 1774, Time: 00:01:42

Health: -3/37      AC:  3    Str: 13    XL:     4   Next: 13%
Magic:  4/4        EV: 14    Int:  9    God:
Gold:   47         SH:  0    Dex: 16    Spells: 3/3 levels left

rFire   . . .      SeeInvis .   e - +0 spear (venom)
rCold   . . .      Faith    .   (no shield)
rNeg    . . .      Spirit   .   b - +0 robe
rPois   +          Reflect  .   (no helmet)
rElec   .          Harm     .   (no cloak)
rCorr   .          Rampage  .   n - +0 pair of gloves
Will    .....                   (no boots)
Stlth   ++........              (no amulet)
HPRegen 0.12/turn               o - ring of poison resistance
MPRegen 0.09/turn               (no ring)

@: no status effects
A: (nimble swimmer 2), mertail
a: no special abilities


You were on level 3 of the Dungeon.
You visited 1 branch of the dungeon, and saw 3 of its levels.

You collected 47 gold pieces.

Inventory:

Hand Weapons
 a - a +0 spear
 e - a +0 spear of venom (weapon)
Armour
 b - a +0 robe (worn)
 n - a +0 pair of gloves (worn)
Jewellery
 l - a ring of wizardry
 o - a ring of poison resistance (left hand)
Scrolls
 c - a scroll of blinking {unknown}
 d - 2 scrolls of immolation {unknown}
 g - 2 scrolls of identify {unknown}
 h - 2 scrolls of fear {unknown}
 i - a scroll of silence {unknown}
 k - 2 scrolls of fog {unknown}
 q - a scroll of enchant armour {unknown}
 r - a scroll of teleportation {unknown}
Potions
 f - a potion of heal wounds {unknown}
 j - 3 potions of curing {unknown}
 m - a potion of flight {unknown}
 p - a potion of degeneration {unknown}


   Skills:
 + Level 4.1 Fighting
 - Level 4.4 Polearms
 + Level 4.9 Dodging
 + Level 3.3 Stealth


You had 3 spell levels left.
You didn't know any spells.
Your spell library contained the following spells:

 Spells                   Type           Power      Damage    Failure   Level
 Summon Small Mammal      Summ           0%         N/A       38%         1
 Call Canine Familiar     Summ           0%         N/A       77%         3
 Inner Flame              Hex/Fire       0%         N/A       77%         3
 Summon Guardian Golem    Hex/Summ       0%         N/A       77%         3
 Cause Fear               Hex            0%         N/A       99%         4
 Discord                  Hex            0%         N/A       100%        8


Dungeon Overview and Level Annotations

Branches:
Dungeon (3/15)

Altars:

Shops:
D:2 [


Innate Abilities, Weirdness & Mutations

((You are very nimble when in or above water. (Stealth+, EV+, Speed+++)))
Your lower body shifts to a powerful aquatic tail in water.


Message History

You hit the goblin.
The goblin is heavily wounded.
You kill the goblin!
Found a stone staircase leading down.
No target in view!
Found a stone staircase leading up.
No target in view!
No target in view!
There is a stone staircase leading up here.
r - a scroll labelled FIN VEKEYTO No target in view!
Found a stone staircase leading down.
No target in view!
There is a stone staircase leading down here. 2 orcs, 2 orc priests and 2 orc wizards come into view.
The orc priest shouts!
There are monsters nearby!
An orc comes into view. It is wielding a +0 hand axe.
Found 8 gold pieces.
The orc wizard shouts!
The orc priest calls down the wrath of Beogh upon you.
Beogh smites you!
The orc shouts!
There are monsters nearby!
The orc shouts!
The orc priest shouts!
You hit the orc wizard but do no damage.
The orc wizard is poisoned.
The orc wizard mumbles some strange words.
The orc wizard flickers and vanishes!
Deactivating autopickup; reactivate with Ctrl-A.
The orc priest calls down the wrath of Beogh upon you.
Beogh smites you!
* * * LOW HITPOINT WARNING * * *
The orc hits you with a +0 war axe.
* * * LOW HITPOINT WARNING * * *
The orc wizard closely misses you.
The orc priest calls down the wrath of Beogh upon you.
Beogh smites you!
You die...

.. ##....
########..#
....##.###.........#
##.....##..#.o.#...#
.#..#..#$..........#
.#.....#⌠..........#
.#..##.#$....o..o..#
.......##..#.oo#..#
..####.###....o.@.#
...###..#########.#
.#....#...........#
###...#############
##..# ###...#
.#....# ......#
......#


You could see 2 orc priests, an orc wizard (very poisoned) and 3 orcs.

Vanquished Creatures
  3 adders (D:2)
  2 dart slugs
  4 endoplasms
  A giant cockroach (D:1)
  A hobgoblin (D:2)
  5 quokkas
  3 ball pythons
  2 bats (D:1)
  5 frilled lizards
  4 goblins
  A kobold (D:1)
  3 rats
34 creatures vanquished.

Notes
Turn   | Place    | Note
-------+----------+-------------------------------------------
     0 | D:1      | Deminshera the Merfolk Monk began the quest for the Orb.
     0 | D:1      | Reached XP level 1. HP: 18/18 MP: 1/1
   197 | D:1      | Reached XP level 2. HP: 20/24 MP: 2/2
   835 | D:2      | Reached XP level 3. HP: 30/30 MP: 3/3
   985 | D:2      | Found Caruvausku's Armour Boutique.
  1531 | D:2      | Reached XP level 4. HP: 35/37 MP: 4/4
  1563 | D:2      | Found a faded altar of an unknown god.
  1774 | D:3      | Killed from afar by an orc priest

Illustrated notes

Levels and vault maps discovered:
D:1:      lemuel_arrival_broad_hall, layout_loops_ring, minmay_octomino_e4
D:2:      layout_basic, serial_shops, nicolae_shop_trees, basic_ecumenical_altar
D:3:      cheibrodos_pilgrimage, layout_loops_cross, chequers_hall_statues_y,
          minmay_fractal_squares_gapless_5, uniq_terence

Skill      XL: |  1  2  3 |
---------------+----------+-----
Stealth        | 3 |  3.3
Fighting       | 4 |  4.1
Polearms       | |  4.4
Dodging        | |  4.9

Action                   |  1- 3 |  4- 6 || total
-------------------------+-------+-------++-------
Melee: Spear             |    88 |     9 ||    97
 Stab: Sleeping          |    12 |       ||    12
       Distracted        |     1 |       ||     1
Armor: Robe              |     7 |     1 ||     8
Dodge: Dodged            |    28 |     4 ||    32

Table legend: (Time is in decaauts)
 A = Elapsed time spent in this place.
 B = Non-inter-level travel time spent in this place.
 C = Inter-level travel time spent in this place.
 D = Time resting spent in this place.
 E = Time spent auto-exploring this place.
 F = Levels seen in this place.
 G = Mean time per level.
                   A        B        C        D        E       F      G
               +--------+--------+--------+--------+--------+-----+--------+
         Total |   1761 |   1686 |     75 |      0 |   1425 |   3 |  587.0 |
       Dungeon |   1761 |   1686 |     75 |      0 |   1425 |   3 |  587.0 |
               +--------+--------+--------+--------+--------+-----+--------+

Top non-repeatable levels by time:
     D:2: 820 daAuts
     D:1: 802 daAuts
     D:3: 138 daAuts
